 Dungeon Crawl Stone Soup version 0.30.1-11-g7821555f0a (webtiles) character file.

Game seed: 17311209705566523159

228 lonewolfV2 the Trooper (level 6, -8/49 HPs)
             Began as a Formicid Fighter on Nov 14, 2023.
             Killed by nerve-wracking pain
             ... invoked by an orc priest
              (13 damage)
             ... on level 4 of the Dungeon.
             The game lasted 00:05:19 (2485 turns).

lonewolfV2 the Trooper (Formicid Fighter)           Turns: 2485, Time: 00:05:20

Health: -8/49      AC: 19    Str: 20    XL:     6   Next: 22%
Magic:  8/8        EV:  9    Int:  8    God:
Gold:   157        SH:  5    Dex: 15    Spells: 5/5 levels left

rFire   x x .        a - +2 war axe (vamp)
rCold   x x .        c - +0 buckler
rNeg    . . .        l - +1 chain mail of the Desolation of Salt {Contam Rampage rPois}
rPois   +            (helmet unavailable)
rElec   .            (no cloak)
rCorr   .            g - +0 pair of gloves
SInv    +            (no boots)
Will    .....        j - amulet of Elemental Vulnerability {rPois rF-- rC-- AC+8} Stlth
                     (no ring)
HPRegen 0.28/turn    (no ring)
MPRegen 0.11/turn

%: rampage
@: no status effects
A: permanent stasis, dig shafts and tunnels, antennae 3, four strong arms
a: Dig, Shaft Self


You were on level 4 of the Dungeon.
You visited 1 branch of the dungeon, and saw 4 of its levels.

You collected 157 gold pieces.

Inventory:

Hand Weapons
 a - a +2 vampiric war axe (weapon)
Armour
 b - a +0 scale mail
 c - a +0 buckler (worn)
 g - a +0 pair of gloves (worn)
 l - the +1 chain mail of the Desolation of Salt (worn) {Contam Rampage rPois}
   (You found it on level 3 of the Dungeon)

   rPois:     It protects you from poison.
   Contam:    It causes magical contamination when unequipped.
   Rampage:   It bestows one free step when moving towards enemies.
Jewellery
 i - a ring of wizardry
 j - the amulet of Elemental Vulnerability (around neck) {rPois rF-- rC-- AC+8}
   (You found it on level 2 of the Dungeon)

   [amulet of nothing]

   AC:        It affects your AC (+8).
   rF:        It makes you very vulnerable to fire.
   rC:        It makes you very vulnerable to cold.
   rPois:     It protects you from poison.
 q - a ring of protection from fire
Scrolls
 e - a scroll of fear
 k - a scroll of identify
Potions
 d - a potion of might
 f - a potion of resistance
 m - a potion of heal wounds
 o - a potion of attraction


   Skills:
 * Level 4.3 Fighting
 - Level 2.0 Axes
 - Level 3.2 Armour
 - Level 3.3 Dodging
 - Level 4.0 Shields
 + Level 3.6 Invocations


You had 5 spell levels left.
You didn't know any spells.
Your spell library contained the following spells:

 Spells                   Type           Power      Damage    Failure   Level
 Sandblast                Erth           0%         2d4       99%         1
 Passwall                 Tmut/Erth      0%         N/A       99%         2
 Inner Flame              Hex/Fire       0%         N/A       100%        3
 Stone Arrow              Conj/Erth      0%         3d7       100%        3
 Yara's Violent Unravell  Hex/Tmut       0%         3d3       100%        5
 Enfeeble                 Hex            0%         N/A       100%        7


Dungeon Overview and Level Annotations

Branches:
Dungeon (4/15)
 Temple: D:4-7

Altars:
Hepliaklqana


Innate Abilities, Weirdness & Mutations

You cannot be hasted, slowed, berserked, paralysed or teleported.
You can dig through walls and to a lower floor.
You have a pair of large antennae on your head. (SInv)
Your four strong arms can wield two-handed weapons with a shield.


Message History

You slash the orc priest!
You feel better.
You hit the orc.
You feel better.
You closely miss the orc wizard. You barely miss the orc.
The hound bites you but does no damage.
The orc priest calls upon Beogh to heal the orc.
The orc's wounds heal themselves!
The orc completely misses you.
The orc hits you from afar with a +0 trident.
The orc wizard hits you but does no damage.
The orc closely misses you. The hound barely misses you.
The orc hits you but does no damage. The orc barely misses you.
The orc priest hits you but does no damage.
You block the orc's attack.
The orc wizard gestures at you while chanting.
The puff of flame hits you. The fire burns you terribly!
You block the hound's attack.
You barely miss the orc wizard.
The orc wizard is moderately wounded.
You hit the orc. You barely miss the orc priest. You closely miss the hound.
You hit the orc.
You feel better. The hound bites you but does no damage.
The orc priest closely misses you. The orc barely misses you. x2
The orc wizard hits you but does no damage.
The orc barely misses you. The hound bites you but does no damage.
You hit the orc wizard but do no damage.
The orc wizard is moderately wounded.
You closely miss the orc priest. You barely miss the hound. You slash the orc!
You feel better.
You kill the orc!
You barely miss the orc.
The hound pauses to sniff the ground.
The hound bites you but does no damage. You block the orc priest's attack.
The orc barely misses you. The orc closely misses you.
The orc wizard gestures at you while chanting.
The puff of flame hits you! The fire burns you terribly!
* * * LOW HITPOINT WARNING * * *
The hound bites you but does no damage.
The orc wizard points at you and mumbles some strange words.
The magic dart hits you but does no damage.
The orc barely misses you.
The orc priest invokes the aid of Beogh against you.
Pain shoots through your body!
You die...

#### #..# #########.....
...###.## #.........#.#.
....##.# #..#.#........
.......####.........#.#.
...##........#.#........
..###.###.............#
#.........#...)......# .
#.#..<########...g.#....
#.#........##..o@o......
>.#........#..).ho......
...........#.....o.=....
..##..(....#."..........
.###.......#............
..##............#.#>....
..##.......#.... .#.....
#.<†............ .#.....
†..........#


You could see a hound, an orc priest, an orc wizard, 2 orcs and a hobgoblin.

Vanquished Creatures
  A scorpion (D:3)
  Natasha (twice) (D:2)
  5 adders
  2 dart slugs
  3 orcs
  8 ball pythons
  5 bats
  7 endoplasms
  A giant cockroach (D:1)
  5 goblins
  7 hobgoblins
  6 quokkas
  4 frilled lizards
  6 kobolds
  4 rats
66 creatures vanquished.

Notes
Turn   | Place    | Note
-------+----------+-------------------------------------------
     0 | D:1      | lonewolfV2 the Formicid Fighter began the quest for the
                  | Orb.
     0 | D:1      | Reached XP level 1. HP: 18/18 MP: 1/1
   109 | D:1      | Reached skill level 1 in Dodging
   109 | D:1      | Reached XP level 2. HP: 24/24 MP: 2/2
   168 | D:1      | Reached skill level 1 in Invocations
   621 | D:1      | Reached XP level 3. HP: 24/29 MP: 4/4
  1151 | D:2      | Found the amulet of Elemental Vulnerability {rPois rF--
                  | rC-- AC+8}
  1161 | D:2      | Reached XP level 4. HP: 33/35 MP: 5/5
  1271 | D:2      | Noticed Natasha
  1281 | D:2      | Killed Natasha
  1437 | D:2      | Noticed Natasha
  1453 | D:2      | Killed Natasha
  1454 | D:2      | Reached XP level 5. HP: 26/41 MP: 5/7
  1882 | D:3      | Identified the +1 chain mail of the Desolation of Salt
                  | {Contam Rampage rPois}
  1948 | D:3      | Found a hazy altar of Hepliaklqana.
  2212 | D:3      | Reached XP level 6. HP: 48/48 MP: 8/8
  2485 | D:4      | Killed from afar by an orc priest

Illustrated notes

Levels and vault maps discovered:
D:1:      matt_arrival_refuge, layout_loops_ring, roderic_lattice_a
D:2:      minmay_skewed_foursquare, layout_loops_ring, uniq_natasha
D:3:      layout_basic, nzn_hepliaklqana_mist_gate, nrook_loot_triangle,
          kennysheep_generic_room_16
D:4:      layout_rooms, minmay_temple_entry_statues_fountains,
          serial_co_window_serial, co_window_cross_1, co_window_paths_a,
          co_window_of_opportunity_a, co_window_paths_b, co_window_corner_a,
          co_window_corner_a, co_window_corner_a, co_window_paths_a,
          co_window_paths_a, co_window_paths_c, co_window_corner_cb,
          co_window_2corner, co_window_paths_c, glass_columns_a,
          glass_columns_c, glass_columns_a, glass_columns_a,
          portal_sewer_entry_b, uniq_eustachio, uniq_menkaure

Skill      XL: |  1  2  3  4  5 |
---------------+----------------+-----
Dodging        | 1 2 3 |  3.3
Invocations    | 1 2 3 |  3.6
Fighting       | 4 |  4.3
Axes           | |  2.0
Armour         | |  3.2
Shields        | |  4.0

Action                     |  1- 3 |  4- 6 || total
---------------------------+-------+-------++-------
  Melee: War axe           |    66 |    92 ||   158
         Unarmed           |       |     7 ||     7
    Use: Scroll            |     4 |     9 ||    13
         Potion            |       |     2 ||     2
 Armour: Scale mail        |    32 |    21 ||    53
         Skin              |       |     2 ||     2
         Chain mail        |       |    44 ||    44
  Dodge: Dodged            |    42 |    74 ||   116
  Block: Buckler           |    13 |    26 ||    39
